 Dungeon Crawl Stone Soup version 0.31-a0-145-g046c7d2549 (webtiles) character file.

Game seed: 18412509020619596691

21066 pokeman the Eclecticist (level 12, 0/68 HPs)
             Began as a Deep Elf Hedge Wizard on June 4, 2023.
             Was a High Priest of Vehumet.
             Slain by a komodo dragon (16 damage)
             ... on level 12 of the Dungeon.
             The game lasted 00:51:17 (16240 turns).

pokeman the Eclecticist (Deep Elf Hedge Wizard)    Turns: 16240, Time: 00:51:18

Health: 0/68       AC: 18    Str:  7    XL:     12   Next: 50%
Magic:  16/44      EV: 12    Int: 25    God:    Vehumet [*****.]
Gold:   1311       SH:  0    Dex: 14    Spells: 25/45 levels left

rFire   + . .        D - +0 demon whip (venom)
rCold   x . .        (no shield)
rNeg    . . .        S - +0 acid dragon scales
rPois   .            X - +2 hat
rElec   .            G - +1 cloak
rCorr   +            q - +2 pair of gloves
SInv    .            A - +2 pair of boots
Will    +....        w - amulet of the acrobat
Stlth   ++           J - ring of magical power
HPRegen 0.31/turn    Y - ring of fire
MPRegen 0.29/turn

%: acrobat
@: slowed, very slow
A: no striking features
a: Renounce Religion


You were on level 12 of the Dungeon.
You worshipped Vehumet.
Vehumet was extremely pleased with you.
You visited 2 branches of the dungeon, and saw 13 of its levels.
You also visited: Bailey.

You collected 1619 gold pieces.
You spent 308 gold pieces at shops.

Inventory:

Hand Weapons
 D - a +0 demon whip of venom (weapon)
 U - a +6 broad axe
Missiles
 I - 16 curare-tipped darts
 V - a throwing net
Armour
 q - a +2 pair of gloves (worn)
 A - a +2 pair of boots (worn)
 G - a +1 cloak (worn)
 P - a +2 leather armour of cold resistance
 S - +0 acid dragon scales (worn)
 X - a +2 hat (worn)
Magical Staves
 s - a staff of cold
Jewellery
 t - a ring of protection from cold
 w - an amulet of the acrobat (around neck)
 y - a ring of protection from fire
 J - a ring of magical power (left hand)
 M - a +5 ring of evasion
 Y - a ring of fire (right hand)
Wands
 c - a wand of polymorph (5)
 B - a wand of paralysis (1)
 N - a wand of quicksilver (17)
 O - a wand of mindburst (5)
 T - a wand of digging (7)
Scrolls
 b - a scroll of immolation {unknown}
 e - 3 scrolls of torment {unknown}
 f - 5 scrolls of identify {unknown}
 g - 2 scrolls of poison {unknown}
 h - 3 scrolls of fear {unknown}
 m - 5 scrolls of teleportation {unknown}
 p - 2 scrolls of vulnerability {unknown}
 r - 2 scrolls of amnesia {unknown}
 z - 8 scrolls of blinking
 C - a scroll of brand weapon {unknown}
 H - 2 scrolls of fog {unknown}
 K - 3 scrolls of enchant armour {unknown}
 Q - a scroll of butterflies {unknown}
 R - 2 scrolls of noise {unknown}
 Z - a scroll of enchant weapon {unknown}
Potions
 a - a potion of might {unknown}
 d - 2 potions of magic
 i - 3 potions of haste {unknown}
 j - 2 potions of cancellation {unknown}
 k - 2 potions of brilliance {unknown}
 l - 2 potions of attraction {unknown}
 n - 5 potions of mutation {unknown}
 o - 7 potions of heal wounds
 u - 2 potions of enlightenment {unknown}
 v - 3 potions of curing
 x - a potion of resistance {unknown}
 E - 2 potions of ambrosia {unknown}
 L - 4 potions of invisibility {unknown}
 W - 4 potions of lignification {unknown}
Miscellaneous
 F - a sack of spiders


   Skills:
 + Level 5.5 Fighting
 - Level 5.0 Armour
 - Level 4.0 Dodging
 - Level 4.0 Stealth
 * Level 17.4 Spellcasting
 + Level 10.4 Conjurations
 - Level 1.1 Summonings
 - Level 1.1 Translocations
 + Level 9.1 Fire Magic
 - Level 3.0 Ice Magic
 - Level 1.1 Air Magic
 - Level 1.2 Poison Magic
 - Level 1.3 Evocations


You had 25 spell levels left.
You knew the following spells:

 Your Spells              Type           Power      Damage    Failure   Level
a - Magic Dart            Conj           100%       1d8       1%          1
b - Mephitic Cloud        Conj/Pois/Air  43%        N/A       1%          3
c - Call Imp              Summ           54%        N/A       3%          2
d - Blink                 Tloc           54%        N/A       3%          2
e - Ignition              Fire           39%        3d12      80%         8
f - Sticky Flame          Conj/Fire      82%        2d9       1%          4

Your spell library contained the following spells:

 Spells                   Type           Power      Damage    Failure   Level
 Conjure Ball Lightning   Conj/Air       25%        3x3d7     16%         6
 Shock                    Conj/Air       100%       1d9       1%          1
 Momentum Strike          Conj/Tloc      100%       3d10      1%          2
 Searing Ray              Conj           100%       2d8       1%          2
 Dazzling Flash           Conj/Hex       94%        N/A       1%          3
 Ignite Poison            Fire/Tmut/Pois 56%        N/A       1%          3
 Fulminant Prism          Conj/Hex       23%        3d12      1%          4
 Summon Small Mammal      Summ           100%       N/A       2%          1
 Ensorcelled Hibernation  Hex/Ice        58%        N/A       3%          2
 Lesser Beckoning         Tloc           54%        N/A       3%          2
 Arcjolt                  Conj/Air       25%        1d35      3%          5
 Slow                     Hex            84%        N/A       4%          1
 Cigotuvi's Dreadful Rot  Necr/Pois/Air  50%        N/A       4%          2
 Passwall                 Tmut/Erth      17%        N/A       6%          2
 Call Canine Familiar     Summ           27%        N/A       8%          3
 Swiftness                Air            27%        N/A       8%          3
 Vhi's Electric Charge    Tloc/Air       54%        N/A       8%          3
 Portal Projectile        Hex/Tloc       48%        N/A       10%         3
 Summon Ice Beast         Ice/Summ       32%        N/A       17%         4
 Leda's Liquefaction      Hex/Erth       10%        N/A       36%         4
 Silence                  Hex/Air        12%        N/A       65%         5
 Summon Mana Viper        Hex/Summ       24%        N/A       65%         5
 Agony                    Necr           21%        N/A       73%         5
 Haunt                    Necr/Summ      12%        N/A       100%        7
 Monstrous Menagerie      Summ           13%        N/A       100%        7
 Maxwell's Capacitive Co  Air            13%        ∞         100%        8
 Dragon's Call            Summ           13%        N/A       100%        9


Dungeon Overview and Level Annotations

Branches:
Dungeon (12/15)            Temple (1/1) D:6            Lair (0/5) D:11
    Orc (0/2) D:10         Bailey (visited)

Altars:
Ashenzari
Cheibriados
Dithmenos
Elyvilon
Fedhas
Gozag
Hepliaklqana
Kikubaaqudgha
Makhleb
Nemelex Xobeh
Okawaru
Qazlal
Ru
Sif Muna
Trog
Uskayaw
Vehumet
Wu Jian
Xom
Yredelemnul
Zin
The Shining One
Jiyva

Shops:
D:5 [   D:9 !   D:12 (

Portals:
Abyss: D:8

Annotations:
D:7 Scrolls behind grate
D:8 2 transporters, dracfodder's ghost, novice GrEE
D:12 3 runed translucent doors, GonguanaGonguana's ghost, journeyman MeEE; Lance11888's ghost, adept DrAE


Message History

The human hits the komodo dragon but does no damage.
The wraith hits you. The wraith drains your vigour!
You feel yourself slow down.
Casting: Sticky Flame (safe; 1% risk of failure)
Confirm with . or Enter, or press ? or * to list all spells.
Aiming: Sticky Flame (safe; 1% risk of failure)
Press: ? - help, Shift-Dir - straight line, f/p - wraith
Aim: a wraith (severely damaged, unstickable)
You feel a surge of power!
The sticky flame hits the wraith but does no damage.
The wraith is severely damaged.
The wraith hits you.
Casting: Sticky Flame (safe; 1% risk of failure)
Confirm with . or Enter, or press ? or * to list all spells.
Aiming: Sticky Flame (safe; 1% risk of failure)
Press: ? - help, Shift-Dir - straight line, f/p - wraith
Aim: a wraith (severely damaged, unstickable)
You feel a surge of power!
The sticky flame hits the wraith!
You destroy the wraith!
Vehumet accepts your kill.
You feel your power returning.
Casting: Sticky Flame (safe; 1% risk of failure)
Confirm with . or Enter, or press ? or * to list all spells.
Aiming: Mephitic Cloud (safe; 1% risk of failure)
Press: ? - help, Shift-Dir - straight line, f - komodo dragon
Aim: a komodo dragon (heavily wounded, chance to affect: 62%)
The ball explodes into a vile cloud!
The stinking cloud engulfs the komodo dragon but does no damage.
The komodo dragon is heavily wounded.
The komodo dragon is engulfed in noxious fumes.
The komodo dragon appears confused.
Unknown command.
You barely miss the komodo dragon.
The komodo dragon is heavily wounded.
The komodo dragon is engulfed in noxious fumes.
The komodo dragon appears confused.
The komodo dragon bites you!
* * * LOW HITPOINT WARNING * * *
The komodo dragon is engulfed in noxious fumes.
The komodo dragon appears confused.
The komodo dragon bites you!
You die...

#........# #.....#.....
#..).....# #######.....
#........## #.....
##........##############
#.................#
#.................#
#.................#
######.#..........#
#@#..........#
#l#..........#
#§#..........#
#.############ #p#


pp. ... ..... ##.## You could see a komodo dragon (confused) and 3 neutral
humans.

Vanquished Creatures
  Gastronok (D:8)
  Kirke (D:12)
  An orc warlord (Bailey)
  Snorg (D:12)
  Josephine (D:12)
  2 boulder beetles
  3 two-headed ogres
  Amaemon (D:10)
  A deep elf pyromancer (D:12)
  3 cyclopes (D:11)
  An orange demon (D:10)
  A kobold demonologist (D:9)
  4 trolls
  Prince Ribbit (D:7)
  Sigmund (D:3)
  A vampire (D:12)
  2 wyverns
  13 yaks
  7 wraiths
  6 vampire mosquitoes
  Grum (D:8)
  An acid dragon (D:9)
  7 orc warriors
  A black bear (D:6)
  A sky beast (D:6)
  An ice beast (D:5)
  3 wolves (D:8)
  8 centaurs
  A phantom (D:5)
  12 kobold brigands
  A gnoll sergeant (D:8)
  2 bullfrogs
  2 scorpions (D:5)
  6 wights
  11 killer bees
  14 howler monkeys
  2 electric eels (D:9)
  3 jellies
  6 orc priests
  4 hounds
  Crazy Yiuf (D:7)
  10 iguanas
  6 orc wizards
  10 adders
  11 gnolls
  3 shadow imps
  A white imp (D:5)
  3 dart slugs
  28 orcs
  7 ball pythons
  9 endoplasms
  3 giant cockroaches
  11 goblins
  8 hobgoblins
  4 jackals (D:4)
  10 quokkas
  A bat (D:2)
  5 frilled lizards
  46 kobolds
  11 kobold skeletons (D:9)
  7 kobold zombies (D:9)
  12 rats
346 creatures vanquished.

Vanquished Creatures (collateral kills)
  Joseph (D:7)
  Maggie (D:7)
  A wyvern (D:6)
  A bullfrog (D:7)
  A killer bee (D:7)
  A sleepcap (D:4)
  An orc (D:3)
7 creatures vanquished.

Vanquished Creatures (others)
  A human (D:12)
  A gnoll sergeant (D:5)
  A scorpion (D:5)
  2 electric eels (D:9)
  A howler monkey (D:9)
  A hound (D:5)
  An orc wizard (D:5)
  A quokka (D:5)
9 creatures vanquished.

Grand Total: 362 creatures vanquished

Notes
Turn   | Place    | Note
-------+----------+-------------------------------------------
     0 | D:1      | pokeman the Deep Elf Hedge Wizard began the quest for the
                  | Orb.
     0 | D:1      | Reached XP level 1. HP: 10/10 MP: 7/7
   350 | D:1      | Reached XP level 2. HP: 16/16 MP: 6/9
  1274 | D:1      | Reached skill level 5 in Spellcasting
  1431 | D:1      | Reached XP level 3. HP: 20/20 MP: 7/11
  1435 | D:1      | Learned a level 3 spell: Mephitic Cloud
  1438 | D:1      | Learned a level 2 spell: Call Imp
  1441 | D:1      | Learned a level 2 spell: Blink
  1776 | D:2      | Reached skill level 1 in Fighting
  2163 | D:2      | Reached skill level 1 in Armour
  2362 | D:2      | Reached XP level 4. HP: 25/25 MP: 9/13
  3075 | D:3      | Noticed Sigmund
  3100 | D:3      | Killed Sigmund
  3101 | D:3      | Reached skill level 6 in Spellcasting
  3101 | D:3      | Reached XP level 5. HP: 18/29 MP: 3/16
  3606 | D:3      | Reached XP level 6. HP: 34/34 MP: 11/17
  4021 | D:4      | Found a shadowy altar of Dithmenos.
  4105 | D:4      | Reached skill level 7 in Spellcasting
  4368 | D:4      | Found a shimmering blue altar of Sif Muna.
  4935 | D:5      | Entered Level 5 of the Dungeon
  5039 | D:5      | You fall into a shaft and drop 1 floor!
  5070 | D:6      | Reached XP level 7. HP: 38/38 MP: 15/20
  5107 | D:6      | Noticed a wyvern
  5142 | D:6      | Killed a wyvern
  5143 | D:6      | Reached skill level 1 in Ice Magic
  5143 | D:6      | Reached skill level 1 in Air Magic
  5143 | D:6      | Reached skill level 1 in Poison Magic
  5143 | D:6      | Reached skill level 1 in Evocations
  5261 | D:6      | Reached skill level 8 in Spellcasting
  5536 | D:6      | Found a staircase to the Ecumenical Temple.
  5562 | Temple   | Entered the Ecumenical Temple
  5733 | Temple   | Became a worshipper of Vehumet
  5913 | D:5      | Reached XP level 8. HP: 44/44 MP: 12/22
  5930 | D:5      | Reached skill level 9 in Spellcasting
  6058 | D:5      | Found Bilytish's Antique Armour Shop.
  6211 | D:5      | Found a shimmering altar of Xom.
  6233 | D:5      | Learned a level 8 spell: Ignition
  6352 | D:5      | Found an ancient bone altar of Kikubaaqudgha.
  6594 | D:5      | Reached skill level 1 in Fire Magic
  6674 | D:5      | Reached skill level 5 in Conjurations
  7093 | D:5      | Reached skill level 10 in Spellcasting
  7727 | D:6      | Found a bloodstained altar of Trog.
  7838 | D:7      | Reached * piety under Vehumet
  7838 | D:7      | Offered knowledge of Shock by Vehumet.
  7853 | D:7      | Reached XP level 9. HP: 24/48 MP: 3/25
  8046 | D:7      | Noticed Joseph
  8084 | D:7      | Killed Joseph
  8085 | D:7      | Reached skill level 11 in Spellcasting
  8543 | D:7      | Noticed Prince Ribbit
  8550 | D:7      | Killed Prince Ribbit
  8716 | D:7      | Found a glowing silver altar of Zin.
  9160 | D:7      | Found a broken altar of Ashenzari.
  9191 | D:7      | Found a runed translucent door.
  9194 | D:7      | Noticed Crazy Yiuf
  9256 | D:7      | Noticed Maggie
  9291 | D:7      | Killed Maggie
  9292 | D:7      | Reached skill level 12 in Spellcasting
  9458 | D:7      | Killed Crazy Yiuf
  9528 | D:8      | Noticed Gastronok
  9596 | D:8      | Noticed a boulder beetle
  9672 | D:8      | Found a burning altar of Makhleb.
  9676 | D:8      | Found a flagged portal.
  9687 | Bailey   | Entered a bailey
  9760 | Bailey   | Noticed an orc warlord
  9802 | Bailey   | Offered knowledge of Sandblast by Vehumet.
  9808 | Bailey   | Learned a level 4 spell: Sticky Flame
  9824 | Bailey   | Reached ** piety under Vehumet
  9853 | Bailey   | Reached XP level 10. HP: 53/56 MP: 28/28
  9900 | Bailey   | Found a runed translucent gate.
  9901 | Bailey   | Found a runed translucent gate.
  9903 | Bailey   | Found a runed translucent gate.
 10167 | Bailey   | Killed an orc warlord
 10168 | Bailey   | Reached skill level 13 in Spellcasting
 10168 | Bailey   | Reached skill level 5 in Fire Magic
 10366 | Bailey   | Got Sif Muna's Incunabulum of the Combined Zephyr
 10367 | Bailey   | Acquired 800 gold pieces
 10650 | D:8      | Killed a boulder beetle
 10707 | D:8      | Offered knowledge of Searing Ray by Vehumet.
 10714 | D:8      | Noticed Grum
 10739 | D:8      | Reached *** piety under Vehumet
 10754 | D:8      | Killed Grum
 11005 | D:8      | Found a transporter.
 11022 | D:8      | Noticed dracfodder's ghost (novice GrEE)
 11032 | D:8      | Found a transporter.
 11186 | D:8      | Killed Gastronok
 11187 | D:8      | Reached skill level 14 in Spellcasting
 11285 | D:8      | Found a one-way gate to the infinite horrors of the Abyss.
 11482 | D:8      | Noticed an Executioner
 11485 | D:8      | Noticed an orange demon
 11636 | D:8      | Found a hide-covered altar of Uskayaw.
 11996 | D:9      | Found Luuneemi's Distillery.
 12016 | D:9      | Reached XP level 11. HP: 42/61 MP: 23/31
 12087 | D:9      | Bought a potion of heal wounds for 70 gold pieces
 12087 | D:9      | Bought a potion of degeneration for 14 gold pieces
 12087 | D:9      | Bought a potion of heal wounds for 70 gold pieces
 12087 | D:9      | Bought a potion of heal wounds for 70 gold pieces
 12087 | D:9      | Bought 2 potions of curing for 84 gold pieces
 12338 | D:9      | Offered knowledge of Volatile Blastmotes by Vehumet.
 12364 | D:9      | HP: 2/61 [ice devil[a kobold demonologist] (18)]
 12819 | D:9      | Reached **** piety under Vehumet
 13067 | D:9      | Offered knowledge of Airstrike by Vehumet.
 13075 | D:9      | Reached skill level 15 in Spellcasting
 13364 | D:9      | Found an ancient bone altar of Kikubaaqudgha.
 13657 | D:10     | Entered Level 10 of the Dungeon
 13657 | D:10     | Noticed a two-headed ogre
 13667 | D:10     | Killed a two-headed ogre
 13749 | D:10     | Found a staircase to the Orcish Mines.
 13793 | D:10     | Found a blossoming altar of Fedhas.
 14116 | D:10     | Noticed Amaemon
 14131 | D:10     | Reached skill level 5 in Armour
 14132 | D:10     | Killed Amaemon
 14221 | D:10     | Found a sparkling altar of Nemelex Xobeh.
 14312 | D:11     | Reached skill level 16 in Spellcasting
 14488 | D:11     | Noticed a boulder beetle
 14503 | D:11     | Killed a boulder beetle
 14568 | D:11     | Reached ***** piety under Vehumet
 14569 | D:11     | Reached XP level 12. HP: 63/67 MP: 34/34
 14594 | D:11     | Offered knowledge of Conjure Ball Lightning by Vehumet.
 14841 | D:11     | Noticed a two-headed ogre
 14848 | D:11     | Killed a two-headed ogre
 14933 | D:11     | Found a staircase to the Lair.
 15142 | D:12     | Found Eheu's Antique Weapon Boutique.
 15146 | D:12     | Noticed Snorg
 15175 | D:12     | Killed Snorg
 15239 | D:12     | Reached skill level 5 in Fighting
 15239 | D:12     | Reached skill level 10 in Conjurations
 15351 | D:12     | Found a runed translucent gate.
 15351 | D:12     | Found a runed translucent gate.
 15473 | D:12     | Noticed a two-headed ogre
 15496 | D:12     | Killed a two-headed ogre
 15497 | D:12     | Reached skill level 17 in Spellcasting
 15828 | D:12     | Found a runed translucent gate.
 15828 | D:12     | Noticed GonguanaGonguana's ghost (journeyman MeEE)
 15841 | D:12     | Noticed Lance11888's ghost (adept DrAE)
 16203 | D:12     | Noticed Josephine
 16206 | D:12     | Noticed Kirke
 16220 | D:12     | Killed Josephine
 16233 | D:12     | Killed Kirke
 16240 | D:12     | Slain by a komodo dragon

Illustrated notes

Levels and vault maps discovered:
D:1:      amcnicky_arrival_wind_blow, layout_basic,
          nicolae_kite_square_tiling_tiny
D:2:      layout_basic, minmay_misc_feat_pillars, nrook_loot_triangle,
          amethyst_killhole, st_stairs_8, corexii_leaking_fountain
D:3:      layout_basic, kennysheep_potato, uniq_sigmund
D:4:      layout_basic, mainiacjoe_overflow_surrounded_room,
          mainiacjoe_overflow_six_doors_small
D:5:      layout_gridville, xom_confusion_cloud, mainiacjoe_overflow_paths,
          serial_shops, shop, reono_crystal_passage
D:6:      layout_basic, kennysheep_mini_moat, minmay_temple_entry_offerings
D:7:      layout_layer_cave, zin_scriptorium, overflow_temple_1_default,
          uniq_maggie, uniq_joseph, uniq_crazy_yiuf_cottage, uniq_prince_ribbit1
D:8:      layout_layer_cave, makhleb_altar_promises_db, lemuel_round_altar,
          enter_bailey_3, gammafunk_ghost_abyssal_escape, minmay_curled_crystal,
          uniq_grum, uniq_gastronok
D:9:      wander_kiku_kobolds, layout_rooms, serial_shops,
          nicolae_shop_window_shopping, serial_bayou, serial_bayou_shore_a,
          serial_bayou_shore_b, serial_bayou_shore_b, serial_bayou_crossing,
          serial_bayou_lake_a, serial_bayou_pond_e, roderic_serpentine_path,
          minmay_misc_feat_alley
D:10:     layout_roguey, nemelex_diamond_rough_becter, fedhas_altar_3,
          uniq_amaemon
D:11:     layout_long_grid, lair_entry_dummy
D:12:     layout_basic, serial_shops, shop, gammafunk_ghost_cemetery,
          uniq_kirke, uniq_josephine, uniq_snorg
Temple:   pf_slime_end_temple

Skill      XL: |  1  2  3  4  5  6  7  8  9 10 11 12 |
---------------+-------------------------------------+-----
Spellcasting   | 5 6 7 8 10 12 14 16 17 | 17.4
Fighting       | 1 2 3 4 5 |  5.5
Armour         | 1 2 3 5 |  5.0
Conjurations   | 2 3 4 5 7 8 9 10 | 10.4
Dodging        | 3 4 |  4.0
Stealth        | 3 4 |  4.0
Ice Magic      | 2 3 |  3.0
Air Magic      | 1 |  1.1
Poison Magic   | 1 |  1.2
Evocations     | 1 |  1.3
Fire Magic     | 2 4 6 8 9 |  9.1
Summonings     | |  1.1
Translocations | |  1.1

Action                     |  1- 3 |  4- 6 |  7- 9 | 10-12 || total
---------------------------+-------+-------+-------+-------++-------
  Melee: Dagger            |    12 |    26 |    50 |       ||    88
         Punch             |       |       |     3 |     2 ||     5
         War axe           |       |       |    54 |    11 ||    65
         Broad axe         |       |       |       |   106 ||   106
         Demon whip        |       |       |       |   112 ||   112
  Throw: Dart              |       |       |       |     2 ||     2
   Cast: Magic Dart        |   139 |   129 |   265 |   135 ||   668
         Mephitic Cloud    |       |     6 |    44 |    77 ||   127
         Call Imp          |       |     4 |    14 |    10 ||    28
         Blink             |       |       |     2 |     2 ||     4
         Sticky Flame      |       |       |     2 |    89 ||    91
  Evoke: Wand              |       |       |     3 |    22 ||    25
    Use: Scroll            |       |       |       |     1 ||     1
         Potion            |       |       |       |     1 ||     1
   Stab: Confused          |       |     5 |    15 |    31 ||    51
         Paralysed         |       |       |    17 |       ||    17
 Armour: Robe              |     6 |     5 |    21 |       ||    32
         Leather armour    |       |       |    12 |    19 ||    31
         Acid dragon scale |       |       |       |    94 ||    94
  Dodge: Dodged            |    19 |    30 |   129 |   314 ||   492

Table legend: (Time is in decaauts)
 A = Elapsed time spent in this place.
 B = Non-inter-level travel time spent in this place.
 C = Inter-level travel time spent in this place.
 D = Time resting spent in this place.
 E = Time spent auto-exploring this place.
 F = Levels seen in this place.
 G = Mean time per level.
                   A        B        C        D        E       F      G
               +--------+--------+--------+--------+--------+-----+--------+
         Total |  16484 |  15878 |    606 |    843 |  11788 |  14 | 1177.4 |
       Dungeon |  15549 |  14994 |    555 |    708 |  11463 |  12 | 1295.8 |
        Temple |    217 |    167 |     50 |      0 |    125 |   1 |  217.0 |
        Bailey |    717 |    717 |      0 |    135 |    200 |   1 |  717.0 |
               +--------+--------+--------+--------+--------+-----+--------+

Top non-repeatable levels by time:
     D:8: 1783 daAuts
     D:7: 1702 daAuts
     D:5: 1655 daAuts
     D:9: 1604 daAuts
     D:1: 1526 daAuts
     D:2: 1289 daAuts
     D:6: 1246 daAuts
     D:4: 1154 daAuts
    D:12: 1143 daAuts
     D:3: 963 daAuts
    D:11: 835 daAuts
  Bailey: 717 daAuts
    D:10: 644 daAuts
  Temple: 217 daAuts
